 Dungeon Crawl Stone Soup version 0.30-a0-272-gf98c3da03f (webtiles) character file.

Game seed: 16475112239454249225

895 Lanoc the Covert (level 8, -3/48 HPs)
             Began as an Octopode Brigand on Oct 15, 2022.
             Was a Priest of Hepliaklqana.
             Slain by an ice beast (12 damage)
             ... on level 6 of the Dungeon.
             The game lasted 00:07:58 (3571 turns).

Lanoc the Covert (Octopode Brigand)                 Turns: 3571, Time: 00:07:58

Health: -3/48      AC:  1    Str: 10      XL:     8   Next: 6%
Magic:  8/8        EV: 12    Int: 19      God:    Hepliaklqana [***...]
Gold:   337        SH:  0    Dex: 14 (16) Spells: 5/7 levels left

rFire   . . .      SeeInvis .    v - +1 dagger (holy)
rCold   . . .      Faith    .    (no shield)
rNeg    . . .      Spirit   .    (helmet restricted)
rPois   .          Reflect  .    j - amulet of regeneration
rElec   .          Harm     .    s - +6 ring of intelligence
rCorr   .          Rampage  .    (no ring)
Will    .....                    (no ring)
Stlth   +++++.....               (no ring)
HPRegen 1.08/turn                (no ring)
MPRegen 0.11/turn                (no ring)
                                 (no ring)
                                 (no ring)

@: about to teleport
A: reduced essence, almost no armour, amphibious, 8 rings, camouflage 1,
gelatinous body 1, (nimble swimmer 1), tentacles
a: Renounce Religion, Recall Ancestor, Ancestor Identity, Transference


You were on level 6 of the Dungeon.
You worshipped Hepliaklqana.
Hepliaklqana was most pleased with you.
You visited 1 branch of the dungeon, and saw 6 of its levels.

You collected 337 gold pieces.

Inventory:

Hand Weapons
 a - a +2 dagger
 r - a +0 short sword of venom
 v - a +1 dagger of holy wrath (weapon)
Missiles
 b - 9 poisoned darts (quivered)
 c - 2 curare-tipped darts
 h - a throwing net
Jewellery
 j - an amulet of regeneration (around mantle)
 q - an amulet of guardian spirit
 s - a +6 ring of intelligence (left tentacle)
Wands
 y - a wand of roots (12)
Scrolls
 d - 2 scrolls of noise
 e - a scroll of teleportation
 g - 2 scrolls of enchant armour {unknown}
 i - 2 scrolls of amnesia {unknown}
 k - 4 scrolls of immolation {unknown}
 l - a scroll of blinking {unknown}
 n - 5 scrolls of identify {unknown}
 o - a scroll of magic mapping {unknown}
 w - a scroll of fear {unknown}
 A - a scroll of acquirement {unknown}
Potions
 f - a potion of lignification {unknown}
 m - 2 potions of attraction {unknown}
 p - a potion of berserk rage {unknown}
 t - a potion of might {unknown}
 u - a potion of brilliance {unknown}
 x - a potion of haste {unknown}
 z - 2 potions of curing {unknown}


   Skills:
 + Level 4.7 Fighting
 + Level 4.8 Short Blades
 - Level 2.0 Throwing
 - Level 1.0 Dodging
 * Level 10.5 Stealth


You had 5 spell levels left.
You knew the following spells:

 Your Spells              Type           Power      Damage    Failure   Level
a - Ensorcelled Hibernat  Hex/Ice        0%         N/A       30%         2

Your spell library contained the following spells:

 Spells                   Type           Power      Damage    Failure   Level
 Portal Projectile        Hex/Tloc       0%         N/A       52%         3
 Spider Form              Tmut/Pois      0%         N/A       52%         3
 Tukima's Dance           Hex            0%         N/A       52%         3
 Anguish                  Hex/Necr       0%         N/A       90%         4
 Blade Hands              Tmut           0%         N/A       99%         5


Dungeon Overview and Level Annotations

Branches:
Dungeon (6/15)
 Temple: D:4-7

Altars:
Gozag
Hepliaklqana
Makhleb
Ru
Sif Muna
Zin
The Shining One

Shops:
D:2 :

Annotations:
D:5 2 transporters, kthxbai's ghost, amateur DgTm


Innate Abilities, Weirdness & Mutations

Your life essence is reduced to manifest your ancestor. (-10% HP)
You cannot wear most types of armour.
You are amphibious.
You can wear up to eight rings at the same time.
Your skin changes colour to match your surroundings (Stealth+).
Your rubbery body absorbs attacks. (AC +1, EV +1)
((You are camouflaged when in or above water. (Stealth+)))
You have tentacles for arms and can constrict up to eight enemies at once.


Message History

You have reached level 8!
You barely miss the ice beast.
The ice beast is lightly wounded.
Tochtli hits Eustachio with a +0 dagger of draining.
Eustachio barely misses Tochtli.
The ice beast hits you. The ice beast freezes you! The quasit bites you.
* * * LOW HITPOINT WARNING * * *
The quasit barely misses you. The quasit claws you.
* * * LOW HITPOINT WARNING * * *
Tochtli barely misses Eustachio.
As you read the scroll labelled AFFYAPH CUEHI, it crumbles to dust.
You hear a loud clanging noise!
It was a scroll of noise.
You hear an angry hiss. x2; You hear a shout! x4; You hear a bark!
You hear an angry hiss.
The quasit barely misses you. The quasit claws you.
* * * LOW HITPOINT WARNING * * *
The quasit barely misses you.
Tochtli closely misses Eustachio.
The quasit bites you.
* * * LOW HITPOINT WARNING * * *
The quasit misses you. The quasit claws you.
* * * LOW HITPOINT WARNING * * *
The ice beast barely misses you.
Eustachio mumbles some strange words.
Eustachio blinks!
The quasit barely misses you. x2
The quasit closely misses you.
Tochtli hits Eustachio but does no damage.
As you read the scroll labelled IDIDUA ELIA, it crumbles to dust.
You feel strangely unstable.
It was a scroll of teleportation.
The white imp barely misses you. The quasit barely misses you.
The quasit claws you but does no damage.
The quasit misses you.
Tochtli hits Eustachio with a +0 dagger of draining!
Eustachio dies!
The white imp disappears in a puff of smoke!
The quasit disappears in a puff of smoke! x2
The ice beast hits you.
* * * LOW HITPOINT WARNING * * *
The ice beast freezes you!
You die...

################
#$.........$$$.#
#..........$_$.#
#.......Y@.$$$##
#.......ยงยงยง##..##.
#..........##....
............R...5.
............).#.#
................#
.[#...........### $
#.........).##
...#####.....#


You could see the friendly Tochtli the hexer and an ice beast.

Vanquished Creatures
  A sky beast (D:4)
  A phantom (D:6)
  A necrophage (D:6)
  Blork the orc (D:6)
  2 scorpions (D:4)
  2 howler monkeys
  A hound (D:4)
  An iguana (D:4)
  2 gnolls (D:5)
  2 adders (D:3)
  An ufetubus (D:5)
  A worm (D:3)
  2 dart slugs
  12 orcs
  8 ball pythons
  A bat (D:2)
  4 endoplasms
  2 giant cockroaches
  5 goblins
  12 hobgoblins
  2 quokkas
  6 frilled lizards
  3 kobolds
  3 rats
76 creatures vanquished.

Vanquished Creatures (collateral kills)
  Eustachio (D:6)
  A phantom (D:5)
  A gnoll bouda (D:5)
  An orc priest (D:3)
  2 orc wizards (D:3)
  A gnoll (D:5)
  2 worms
  7 orcs
  2 endoplasms (D:3)
  A hobgoblin (D:4)
  A jackal (D:2)
  A quokka (D:1)
  A ball python (D:3)
  2 rats
24 creatures vanquished.

Vanquished Creatures (others)
  A hexer (D:5)
  5 fungi (D:5)
6 creatures vanquished.

Grand Total: 106 creatures vanquished

Notes
Turn   | Place    | Note
-------+----------+-------------------------------------------
     0 | D:1      | Lanoc the Octopode Brigand began the quest for the Orb.
     0 | D:1      | Reached XP level 1. HP: 14/14 MP: 1/1
     5 | D:1      | Found a faded altar of an unknown god.
    10 | D:1      | Prayed at the altar of an unknown god.
    10 | D:1      | Became a worshipper of Hepliaklqana the Forgotten
    10 | D:1      | Reached * piety under Hepliaklqana
   222 | D:1      | Reached XP level 2. HP: 17/17 MP: 2/2
   862 | D:2      | Reached skill level 6 in Stealth
   998 | D:2      | Reached XP level 3. HP: 22/22 MP: 3/3
  1038 | D:2      | Reached ** piety under Hepliaklqana
  1039 | D:2      | Remembered your ancestor Tochtli as a hexer
  1430 | D:2      | Found Tuck's Book Shoppe.
  1605 | D:3      | You fall into a shaft and drop 2 floors!
  1605 | D:5      | Entered Level 5 of the Dungeon
  1661 | D:4      | Noticed a scorpion
  1705 | D:5      | Noticed a necrophage
  1715 | D:5      | Found a transporter.
  1715 | D:5      | Noticed kthxbai's ghost (amateur DgTm)
  1793 | D:5      | Reached XP level 4. HP: 27/27 MP: 4/4
  1818 | D:4      | Killed a scorpion
  1819 | D:4      | Reached skill level 7 in Stealth
  1821 | D:4      | Reached XP level 5. HP: 12/32 MP: 5/5
  1943 | D:4      | Found a glowing golden altar of the Shining One.
  2109 | D:4      | Reached *** piety under Hepliaklqana
  2150 | D:4      | Reached skill level 8 in Stealth
  2150 | D:4      | Reached XP level 6. HP: 37/37 MP: 6/6
  2186 | D:3      | Found a glowing silver altar of Zin.
  2671 | D:4      | Found a sacrificial altar of Ru.
  2730 | D:4      | Found a shimmering blue altar of Sif Muna.
  2749 | D:4      | Noticed a sky beast
  2751 | D:4      | Killed a sky beast
  2752 | D:4      | Reached skill level 9 in Stealth
  2752 | D:4      | Reached XP level 7. HP: 43/43 MP: 7/7
  3014 | D:4      | Found a burning altar of Makhleb.
  3187 | D:5      | Found a hazy altar of Hepliaklqana.
  3260 | D:5      | Learned a level 2 spell: Ensorcelled Hibernation
  3287 | D:5      | Found a transporter.
  3511 | D:6      | Noticed Blork the orc
  3517 | D:6      | Killed Blork the orc
  3518 | D:6      | Reached skill level 10 in Stealth
  3555 | D:6      | Noticed Eustachio
  3562 | D:6      | Found an opulent altar of Gozag.
  3569 | D:6      | Reached XP level 8. HP: 26/48 MP: 8/8
  3571 | D:6      | Killed Eustachio
  3571 | D:6      | Slain by an ice beast

Illustrated notes

Levels and vault maps discovered:
D:1:      amcnicky_arrival_blooded_trapdoor, layout_basic, serial_rivers,
          chequers_serial_rivers_room_a, chequers_serial_rivers_micro_a,
          chequers_serial_rivers_micro_d, chequers_serial_rivers_small_3,
          chequers_serial_rivers_marsh, chequers_serial_rivers_room_b,
          basic_ecumenical_altar
D:2:      minmay_door_path, layout_loops_ring, serial_shops,
          nicolae_shop_window_shopping, mrwooster_statue_mirror,
          minmay_randomly_rotated_circles
D:3:      layout_basic, zin_academy, serial_aquarium, aquarium_bridge_straight
          [aquarium_subvault_bridge, aquarium_subvault_wall,
          aquarium_subvault_bridge, aquarium_subvault_wall],
          aquarium_bridge_long_joined [aquarium_subvault_window,
          aquarium_subvault_bridge, aquarium_subvault_wall,
          aquarium_subvault_bridge, aquarium_subvault_balcony,
          aquarium_subvault_wall], aquarium_window_fake, aquarium_window_corner,
          aquarium_window_1, aquarium_window_1, aquarium_view_2d,
          aquarium_balcony_3b, aquarium_pool_2
D:4:      layout_basic, makhleb_blood_cavern_becter, old_standard_altar,
          mainiacjoe_overflow_24_doors, nicolae_ru_great_annihilating_truth,
          minivault_4
D:5:      layout_basic, mainiacjoe_overflow_cross_hatched,
          gammafunk_ghost_arena, lemuel_flamethrower_2
D:6:      layout_rooms, vehumet_crystals, nicolae_dithmenos_the_darkroom,
          nicolae_gozag_seed_capital, serial_shops, shop, uniq_duvessa,
          uniq_crazy_yiuf_cottage, uniq_eustachio, uniq_blork_the_orc

Skill      XL: |  1  2  3  4  5  6  7 |
---------------+----------------------+-----
Stealth        | 6 7 8 9 10 | 10.5
Short Blades   | 3 4 |  4.8
Fighting       | 3 4 |  4.7
Throwing       | |  2.0
Dodging        | |  1.0

Action                   |  1- 3 |  4- 6 |  7- 9 || total
-------------------------+-------+-------+-------++-------
Melee: Dagger            |    58 |    71 |    46 ||   175
       Constrict         |    12 |    21 |     6 ||    39
       Tentacles         |     7 |    18 |    14 ||    39
       Punch             |     3 |     1 |       ||     4
Throw: Dart              |       |     2 |       ||     2
Invok: Ancestor Identity |     1 |       |       ||     1
       Recall Ancestor   |     1 |     1 |       ||     2
       Ancestor Life: He |     1 |       |       ||     1
  Use: Scroll            |       |       |     2 ||     2
 Stab: Sleeping          |    15 |    12 |     3 ||    30
       Confused          |     1 |     2 |       ||     3
       Distracted        |       |       |     1 ||     1
Armor: Skin              |     2 |     6 |     4 ||    12
Dodge: Dodged            |    21 |    20 |    32 ||    73

Table legend: (Time is in decaauts)
 A = Elapsed time spent in this place.
 B = Non-inter-level travel time spent in this place.
 C = Inter-level travel time spent in this place.
 D = Time resting spent in this place.
 E = Time spent auto-exploring this place.
 F = Levels seen in this place.
 G = Mean time per level.
                   A        B        C        D        E       F      G
               +--------+--------+--------+--------+--------+-----+--------+
         Total |   3541 |   3457 |     84 |      0 |   2876 |   6 |  590.2 |
       Dungeon |   3541 |   3457 |     84 |      0 |   2876 |   6 |  590.2 |
               +--------+--------+--------+--------+--------+-----+--------+

Top non-repeatable levels by time:
     D:2: 846 daAuts
     D:4: 785 daAuts
     D:1: 686 daAuts
     D:5: 638 daAuts
     D:3: 529 daAuts
     D:6: 56 daAuts
